 Dungeon Crawl Stone Soup version 0.28.0-49-g6dfe1f597d (webtiles) character file.

Game seed: 7293683799911859879

3796 bnorton916 the Fighter (level 10, -9/81 HPs)
             Began as a Gnoll Wanderer on May 12, 2022.
             Was an Initiate of Gozag.
             Mangled by a vault guard
             ... wielding a +0 broad axe
              (19 damage)
             ... in a bailey.
             The game lasted 00:21:18 (10086 turns).

bnorton916 the Fighter (Gnoll Wanderer)            Turns: 10086, Time: 00:21:19

Health: -9/81      AC:  9    Str: 11    XL:     10   Next: 16%
Magic:  1/20       EV: 13    Int: 18    God:    Gozag
Gold:   268        SH:  0    Dex: 10    Spells: 6/23 levels left

rFire   + . .      SeeInvis .   x - +10 dagger "Cookie Cutter" {spect, *Corrode rElec rPois rC+++}
rCold   + + +      Faith    .   (no shield)
rNeg    . . .      Spirit   .   H - +0 steam dragon scales
rPois   +          Reflect  .   E - +0 helmet
rElec   +          Harm     .   (no cloak)
rCorr   .          Rampage  .   b - +0 pair of gloves
Will    .....                   i - +0 pair of boots
Stlth   +++.......              (no amulet)
HPRegen 0.23/turn               l - ring of protection from fire
MPRegen 0.17/turn               M - +4 ring of slaying

@: mighty
A: fangs 1, strong nose, distributed training
a: Renounce Religion, Potion Petition, Call Merchant, Bribe Branch


You were in a bailey.
You worshipped Gozag.
Gozag was aware of your devotion.
You visited 2 branches of the dungeon, and saw 8 of its levels.
You also visited: Bailey.

You collected 528 gold pieces.
You spent 150 gold pieces at shops.
You paid 110 gold pieces to Gozag.

Inventory:

Hand Weapons
 a - a +2 dagger of pain
 r - a +2 flail of venom
 x - the +10 dagger "Cookie Cutter" (weapon) {spect, *Corrode rElec rPois rC+++}
   (You took it off a goblin on level 2 of the Dungeon)

   When its wielder attacks, the weapon's spirit leaps out and strikes again.
   The spirit shares a part of any damage it takes with its wielder.
   rC:        It renders you almost immune to cold.
   rElec:     It insulates you from electricity.
   rPois:     It protects you from poison.
   *Corrode:  It may corrode you when you take damage.
 A - a +2 vampiric dagger
 B - a +1 dagger of freezing
 P - a +2 antimagic halberd
Missiles
 j - 13 boomerangs
 n - 3 throwing nets
 t - 5 poisoned darts
 C - 6 curare-tipped darts
Armour
 b - a +0 pair of gloves (worn)
 c - a +0 robe
 i - a +0 pair of boots (worn)
 E - a +0 helmet (worn)
 H - +0 steam dragon scales (worn)
Jewellery
 l - a ring of protection from fire (left hand)
 M - a +4 ring of slaying (right hand)
Wands
 e - a wand of mindburst (7)
 z - a wand of charming (3)
 D - a wand of digging (5)
 K - a wand of iceblast (11)
 L - a wand of acid (3)
Scrolls
 f - 3 scrolls of vulnerability
 h - a scroll of acquirement {unknown}
 k - 3 scrolls of enchant armour {unknown}
 u - a scroll of fear {unknown}
 v - a scroll of summoning {unknown}
 w - 2 scrolls of magic mapping
 y - 2 scrolls of blinking {unknown}
 I - a scroll of identify
 J - a scroll of amnesia {unknown}
 O - a scroll of teleportation {unknown}
Potions
 d - a potion of mutation
 g - 6 potions of curing
 m - 2 potions of flight
 o - a potion of attraction {unknown}
 q - a potion of haste {unknown}
 s - a potion of heal wounds
 F - a potion of resistance {unknown}
 G - a potion of magic {unknown}
 N - a potion of cancellation {unknown}


   Skills:
 + Level 8.3 Fighting
 + Level 5.0 Short Blades
 + Level 5.0 Long Blades
 + Level 5.0 Axes
 + Level 5.0 Maces & Flails
 + Level 5.0 Polearms
 + Level 5.0 Staves
 + Level 5.0 Slings
 + Level 5.0 Bows
 + Level 5.0 Crossbows
 + Level 5.0 Throwing
 + Level 5.0 Armour
 + Level 5.0 Dodging
 + Level 7.9 Stealth
 + Level 5.0 Shields
 + Level 5.0 Unarmed Combat
 + Level 7.2 Spellcasting
 + Level 4.1 Conjurations
 + Level 4.1 Hexes
 + Level 4.1 Summonings
 + Level 4.1 Necromancy
 + Level 4.1 Translocations
 + Level 4.1 Transmutations
 + Level 4.1 Fire Magic
 + Level 4.1 Ice Magic
 + Level 5.7 Air Magic
 + Level 4.1 Earth Magic
 + Level 4.1 Poison Magic
 + Level 5.5 Invocations
 + Level 5.0 Evocations


You had 6 spell levels left.
You knew the following spells:

 Your Spells              Type           Power      Damage    Failure   Level
a - Shock                 Conj/Air       96%        1d9       1%          1
b - Mephitic Cloud        Conj/Pois/Air  23%        N/A       4%          3
c - Ignite Poison         Fire/Tmut/Pois 21%        N/A       6%          3
d - Call Imp              Summ           21%        N/A       3%          2
e - Summon Lightning Spi  Summ/Air       24%        N/A       14%         4
f - Sticky Flame          Conj/Fire      21%        2d4       19%         4

Your spell library contained the following spells:

 Spells                   Type           Power      Damage    Failure   Level
 Magic Dart               Conj           84%        1d7       1%          1
 Slow                     Hex            84%        N/A       1%          1
 Confusing Touch          Hex            21%        N/A       6%          3
 Conjure Flame            Conj/Fire      21%        6-21      6%          3
 Dazzling Flash           Conj/Hex       42%        N/A       6%          3
 Vampiric Draining        Necr           21%        2d7       6%          3
 Silence                  Hex/Air        12%        N/A       36%         5
 Agony                    Necr           21%        N/A       47%         5


Dungeon Overview and Level Annotations

Branches:
Dungeon (7/15)             Temple (1/1) D:6          Bailey (1/1)

Altars:
Ashenzari
Cheibriados
Dithmenos
Elyvilon
Fedhas
Gozag
Hepliaklqana
Kikubaaqudgha
Makhleb
Nemelex Xobeh
Okawaru
Qazlal
Ru
Sif Muna
Trog
Uskayaw
Vehumet
Wu Jian
Xom
Yredelemnul
Zin
The Shining One

Shops:
D:2 ?   D:3 !

Annotations:
Bailey Prince Ribbit


Innate Abilities, Weirdness & Mutations

You have very sharp teeth.
Your uncanny sense of smell can sniff out nearby items.
Your experience applies equally to all skills.


Message History

The vault guard hits you with a +0 broad axe.
Unknown command.
You feel much better. Prince Ribbit hits you!
The vault guard hits you with a +0 broad axe!
* * * LOW HITPOINT WARNING * * *
Prince Ribbit hits you but does no damage.
Unknown command.
You feel very mighty all of a sudden. Prince Ribbit closely misses you.
The vault guard barely misses you.
Unknown command.
You hit the vault guard.
The vault guard is severely wounded.
Your +10 dagger "Cookie Cutter" {spect, *Corrode rElec rPois rC+++} hits the vault guard.
Prince Ribbit blinks!
The vault guard hits you with a +0 broad axe!
* * * LOW HITPOINT WARNING * * *
The vault guard barely misses your +10 dagger "Cookie Cutter" {spect, *Corrode rElec rPois rC+++}.
Okay, then.
You hit the vault guard.
The vault guard is almost dead.
Your +10 dagger "Cookie Cutter" {spect, *Corrode rElec rPois rC+++} hits the vault guard but does no damage.
Prince Ribbit closely misses you.
Unknown command.
You feel much better. Prince Ribbit barely misses you.
The vault guard barely misses you.
Prince Ribbit hits you but does no damage.
You puncture the vault guard!
The vault guard is almost dead.
Your +10 dagger "Cookie Cutter" {spect, *Corrode rElec rPois rC+++} hits the vault guard but does no damage.
The vault guard hits you with a +0 broad axe!!
* * * LOW HITPOINT WARNING * * *
The vault guard closely misses your +10 dagger "Cookie Cutter" {spect, *Corrode rElec rPois rC+++}.
Prince Ribbit hits you.
* * * LOW HITPOINT WARNING * * *
You barely miss the vault guard. Your bite misses the vault guard.
The vault guard is almost dead.
Your +10 dagger "Cookie Cutter" {spect, *Corrode rElec rPois rC+++} barely misses the vault guard.
The vault guard hits you with a +0 broad axe!!
You die...
Your body crumbles into a pile of gold.

≈≈≈.≈≈#∆ #... #
#≈.≈≈## ...
.####≈..§§# ..
'..#≈p$≈≈#
##'####..###$###
##≈≈≈##...#.....#
#≈≈≈≈≈#...#...§.#
#≈≈≈≈≈#F.(####F.#
#≈≈≈≈)#.@p.#....#
##≈≈#+#+#......##
####[).##....##
#.....######
#)).∩.# #)).).#
##.).## #####


You could see a vault guard, Prince Ribbit and a friendly +10 dagger "Cookie
Cutter" {spect, *Corrode rElec rPois rC+++} (summoned).

Vanquished Creatures
  Grinder (D:5)
  Sigmund (D:6)
  2 steam dragons
  4 humans (Bailey)
  A water moccasin (D:6)
  An ice beast (D:6)
  2 sky beasts
  4 ogres
  2 necrophages
  A centaur (D:3)
  A phantom (D:5)
  7 bullfrogs (Bailey)
  A gnoll sergeant (D:7)
  A water moccasin zombie (D:5)
  4 scorpions
  A water moccasin skeleton (D:4)
  5 hounds
  A centaur zombie (D:7)
  An orc priest (D:4)
  A centaur skeleton (D:6)
  2 bullfrog skeletons
  5 orc wizards
  3 iguanas
  Ijyb (D:3)
  A killer bee zombie (D:6)
  8 gnolls
  6 adders
  4 worms
  A dart slug (D:3)
  17 orcs
  9 ball pythons
  7 bats
  4 endoplasms
  6 giant cockroaches
  18 goblins
  13 hobgoblins
  6 jackals
  5 quokkas
  6 frilled lizards
  9 kobolds
  3 rats
176 creatures vanquished.

Notes
Turn   | Place    | Note
-------+----------+-------------------------------------------
     0 | D:1      | bnorton916 the Gnoll Wanderer began the quest for the Orb.
     0 | D:1      | bnorton916 set off with the following items: a +0 dagger, a
                  | +0 pair of gloves, a +0 robe, a potion of mutation; and the
                  | following spell memorised: Shock; and the following spells
                  | available to memorise: Mephitic Cloud, Summon Lightning
                  | Spire
     0 | D:1      | Reached XP level 1. HP: 23/23 MP: 6/6
    83 | D:1      | Reached XP level 2. HP: 27/29 MP: 1/7
  1257 | D:2      | Reached XP level 3. HP: 35/35 MP: 5/9
  1431 | D:2      | Reached skill level 5 in Spellcasting
  1718 | D:2      | Found Losteul's Magic Scroll Shoppe.
  1719 | D:2      | You fall into a shaft and drop 2 floors!
  1741 | D:4      | Reached skill level 1 in Invocations
  1743 | D:4      | Reached skill level 1 in Short Blades
  1743 | D:4      | Reached skill level 1 in Long Blades
  1743 | D:4      | Reached skill level 1 in Axes
  1743 | D:4      | Reached skill level 1 in Maces & Flails
  1743 | D:4      | Reached skill level 1 in Polearms
  1743 | D:4      | Reached skill level 1 in Staves
  1743 | D:4      | Reached skill level 1 in Slings
  1743 | D:4      | Reached skill level 1 in Bows
  1743 | D:4      | Reached skill level 1 in Crossbows
  1743 | D:4      | Reached skill level 1 in Throwing
  1743 | D:4      | Reached skill level 1 in Armour
  1743 | D:4      | Reached skill level 1 in Dodging
  1743 | D:4      | Reached skill level 1 in Shields
  1743 | D:4      | Reached skill level 1 in Unarmed Combat
  1743 | D:4      | Reached skill level 1 in Evocations
  1743 | D:4      | Reached XP level 4. HP: 33/41 MP: 3/11
  1825 | D:4      | Found a radiant altar of Vehumet.
  1866 | D:4      | Noticed a necrophage
  1879 | D:4      | Killed a necrophage
  1880 | D:4      | Reached skill level 1 in Conjurations
  1880 | D:4      | Reached skill level 1 in Hexes
  1880 | D:4      | Reached skill level 1 in Summonings
  1880 | D:4      | Reached skill level 1 in Necromancy
  1880 | D:4      | Reached skill level 1 in Translocations
  1880 | D:4      | Reached skill level 1 in Transmutations
  1880 | D:4      | Reached skill level 1 in Fire Magic
  1880 | D:4      | Reached skill level 1 in Ice Magic
  1880 | D:4      | Reached skill level 1 in Earth Magic
  1880 | D:4      | Reached skill level 1 in Poison Magic
  1880 | D:4      | Reached XP level 5. HP: 32/47 MP: 0/12
  2304 | D:4      | Noticed an ogre
  2313 | D:4      | Killed an ogre
  2314 | D:4      | Reached XP level 6. HP: 14/53 MP: 4/13
  3199 | D:3      | Noticed a necrophage
  3203 | D:3      | Found Lext's Distillery.
  3254 | D:3      | Bought a potion of heal wounds for 55 gold pieces
  3283 | D:3      | Found a faded altar of an unknown god.
  3483 | D:3      | Killed a necrophage
  3576 | D:3      | Learned a level 3 spell: Mephitic Cloud
  3776 | D:2      | Reached XP level 7. HP: 55/59 MP: 4/15
  4108 | D:2      | Learned a level 3 spell: Ignite Poison
  4134 | D:2      | Bought a scroll of magic mapping for 35 gold pieces
  4134 | D:2      | Bought a scroll of identify for 20 gold pieces
  4134 | D:2      | Bought a scroll of identify for 20 gold pieces
  4134 | D:2      | Bought a scroll of identify for 20 gold pieces
  4143 | D:2      | Identified the +10 dagger "Cookie Cutter" {spect, *Corrode
                  | rElec rPois rC+++}
  4539 | D:3      | Reached skill level 7 in Fighting
  4963 | D:3      | Noticed Ijyb
  4971 | D:3      | Killed Ijyb
  5776 | D:5      | Entered Level 5 of the Dungeon
  5854 | D:5      | Reached XP level 8. HP: 35/67 MP: 1/16
  6699 | D:5      | Noticed Grinder
  6700 | D:5      | Paralysed by Grinder for 4 turns
  6721 | D:5      | Killed Grinder
  7440 | D:6      | Reached skill level 5 in Air Magic
  7440 | D:6      | Reached XP level 9. HP: 72/72 MP: 11/18
  8405 | D:6      | Noticed Sigmund
  8416 | D:6      | Killed Sigmund
  8785 | D:6      | Found a staircase to the Ecumenical Temple.
  9035 | Temple   | Entered the Ecumenical Temple
  9449 | Temple   | Became a worshipper of Gozag Ym Sagoz the Greedy
  9508 | D:7      | Found a flagged portal.
  9520 | D:7      | Reached skill level 8 in Fighting
  9640 | D:7      | Reached skill level 5 in Invocations
  9650 | D:7      | Learned a level 2 spell: Call Imp
  9655 | D:7      | Learned a level 4 spell: Summon Lightning Spire
  9660 | D:7      | Learned a level 4 spell: Sticky Flame
  9661 | Bailey   | Entered a bailey
  9693 | Bailey   | Reached XP level 10. HP: 36/80 MP: 3/20
  9709 | Bailey   | Reached skill level 5 in Short Blades
  9709 | Bailey   | Reached skill level 5 in Long Blades
  9709 | Bailey   | Reached skill level 5 in Axes
  9709 | Bailey   | Reached skill level 5 in Maces & Flails
  9709 | Bailey   | Reached skill level 5 in Polearms
  9709 | Bailey   | Reached skill level 5 in Staves
  9709 | Bailey   | Reached skill level 5 in Slings
  9709 | Bailey   | Reached skill level 5 in Bows
  9709 | Bailey   | Reached skill level 5 in Crossbows
  9709 | Bailey   | Reached skill level 5 in Throwing
  9709 | Bailey   | Reached skill level 5 in Armour
  9709 | Bailey   | Reached skill level 5 in Dodging
  9709 | Bailey   | Reached skill level 5 in Shields
  9709 | Bailey   | Reached skill level 5 in Unarmed Combat
  9709 | Bailey   | Reached skill level 5 in Evocations
 10048 | Bailey   | Noticed a vault guard
 10049 | Bailey   | Noticed Prince Ribbit
 10086 | Bailey   | Mangled by a vault guard

Illustrated notes

Levels and vault maps discovered:
D:1:      dpeg_arrival_tiny_f, layout_basic, minmay_tetromino_l4
D:2:      layout_rooms, serial_shops, shop
D:3:      kennysheep_goblin_castle, layout_rooms,
          chequers_ecumenical_altar_simple, serial_shops, shop, minmay_mini_jars
D:4:      layout_basic, mainiacjoe_overflow_cross_hatched,
          minmay_strange_pillars
D:5:      layout_basic, uniq_grinder
D:6:      layout_rooms, minmay_temple_entry_trees, minmay_holes, uniq_sigmund
D:7:      layout_gridville, enter_bailey_5
Temple:   mainiacjoe_temple_trianglar_array
Bailey:   bailey_axe_froggy_fort_hellmonk, bailey

Skill      XL: |  1  2  3  4  5  6  7  8  9 10 |
---------------+-------------------------------+-----
Spellcasting   | 5 6 7 |  7.2
Stealth        | 6 7 |  7.9
Invocations    | 1 2 3 4 5 |  5.5
Short Blades   | 1 2 3 4 5 |  5.0
Long Blades    | 1 2 3 4 5 |  5.0
Axes           | 1 2 3 4 5 |  5.0
Maces & Flails | 1 2 3 4 5 |  5.0
Polearms       | 1 2 3 4 5 |  5.0
Staves         | 1 2 3 4 5 |  5.0
Slings         | 1 2 3 4 5 |  5.0
Bows           | 1 2 3 4 5 |  5.0
Crossbows      | 1 2 3 4 5 |  5.0
Throwing       | 1 2 3 4 5 |  5.0
Armour         | 1 2 3 4 5 |  5.0
Dodging        | 1 2 3 4 5 |  5.0
Shields        | 1 2 3 4 5 |  5.0
Unarmed Combat | 1 2 3 4 5 |  5.0
Evocations     | 1 2 3 4 5 |  5.0
Conjurations   | 1 2 3 4 |  4.1
Hexes          | 1 2 3 4 |  4.1
Summonings     | 1 2 3 4 |  4.1
Necromancy     | 1 2 3 4 |  4.1
Translocations | 1 2 3 4 |  4.1
Transmutations | 1 2 3 4 |  4.1
Fire Magic     | 1 2 3 4 |  4.1
Ice Magic      | 1 2 3 4 |  4.1
Earth Magic    | 1 2 3 4 |  4.1
Poison Magic   | 1 2 3 4 |  4.1
Air Magic      | 4 5 |  5.7
Fighting       | 7 8 |  8.3

Action                   |  1- 3 |  4- 6 |  7- 9 | 10-12 || total
-------------------------+-------+-------+-------+-------++-------
Melee: Dagger            |       |    15 |    52 |    25 ||    92
       Bite              |       |     2 |     5 |     3 ||    10
       Punch             |       |       |     1 |       ||     1
 Cast: Shock             |    71 |   121 |   172 |     8 ||   372
       Mephitic Cloud    |       |       |    25 |     2 ||    27
       Ignite Poison     |       |       |    18 |     1 ||    19
       Summon Lightning  |       |       |       |     1 ||     1
Evoke: Wand              |       |       |     2 |       ||     2
  Use: Scroll            |       |       |     5 |       ||     5
       Potion            |       |       |     1 |     4 ||     5
 Stab: Confused          |       |       |       |     4 ||     4
Armor: Robe              |     4 |    11 |    15 |       ||    30
       Steam dragon scal |       |       |    34 |     5 ||    39
Dodge: Dodged            |     8 |    39 |   111 |    20 ||   178
